 Dungeon Crawl Stone Soup version 0.24.0-13-gcf9b319 (webtiles) character file.

Game seed: 16153787837717926791, levelgen mode: deterministic

67 Bronimir the Firebug (level 4, -2/24 HPs)
             Began as a Tengu Fire Elementalist on Mar 28, 2020.
             Slain by Robin
             ... wielding a +0 trident of freezing
              (8 damage)
             ... on level 2 of the Dungeon.
             The game lasted 00:04:28 (2059 turns).

Bronimir the Firebug (Tengu Fire Elementalist)      Turns: 2059, Time: 00:04:28

Health: -2/24      AC:  2    Str:  9    XL:     4   Next: 16%
Magic:  1/8        EV: 13    Int: 16    God:
Gold:   38         SH:  0    Dex: 14    Spells: 2/8 levels left

rFire    . . .     SeeInvis .   a - +0 hand axe
rCold    . . .     Gourm    .   (no shield)
rNeg     . . .     Faith    .   h - +0 robe
rPois    .         Spirit   .   (helmet restricted)
rElec    .         Reflect  .   d - scarf {cloud immunity}
rCorr    .         Harm     .   (no gloves)
MR       .....                  (boots unavailable)
Stlth    ++........             (no amulet)
HPRegen  0.08/turn              (no ring)
MPRegen  0.11/turn              (no ring)

@: no status effects
A: beak, talons 3
a: no special abilities


You were on level 2 of the Dungeon.
You were hungry.

You visited 1 branch of the dungeon, and saw 2 of its levels.

You collected 38 gold pieces.

Inventory:

Hand Weapons
 a - a +0 hand axe (weapon)
 b - a +0 hunting sling
 t - a +0 club
Missiles
 i - 5 sling bullets
 j - 78 stones (quivered)
 n - 51 bolts
 o - 26 arrows
Armour
 d - a scarf of cloud immunity (worn)
 e - a +0 ring mail
 h - a +0 robe (worn)
Scrolls
 f - 2 scrolls of remove curse {unknown}
 k - 2 scrolls of teleportation {unknown}
 m - a scroll of fear {unknown}
 q - a scroll of fog {unknown}
 r - a scroll of immolation {unknown}
Potions
 g - a potion of haste {unknown}
 l - a potion of cancellation {unknown}
 p - a potion of flight {unknown}
Comestibles
 c - 3 rations


   Skills:
 + Level 0.5 Axes
 + Level 2.6 Dodging
 + Level 2.3 Stealth
 + Level 2.6 Spellcasting
 + Level 2.1 Conjurations
 + Level 4.1 Fire Magic


You had 2 spell levels left.
You knew the following spells:

 Your Spells              Type           Power        Failure   Level  Hunger
a - Flame Tongue          Conj/Fire      ##...        5%          1    #......
b - Throw Flame           Conj/Fire      ##....       9%          2    ##.....
c - Conjure Flame         Conj/Fire      ##......     16%         3    ###....

Your spell library contained the following spells:

 Spells                   Type           Power        Failure   Level  Hunger
 Inner Flame              Hex/Fire       #.......     26%         3    ###....
 Sticky Flame             Conj/Fire      ##......     47%         4    #####..
 Fireball                 Conj/Fire      ##........   83%         5    ######.


Dungeon Overview and Level Annotations

Branches:
Dungeon (2/15)

Altars:
Ru
Wu Jian

Annotations:
D:2 Robin


Innate Abilities, Weirdness & Mutations

You have a beak for a mouth.
You have claws for feet.


Message History

You are too injured to fight recklessly!
You are too injured to fight recklessly!
You are too injured to fight recklessly!
Robin of the Strong Arm comes into view.
They are wielding a +0 trident of freezing.
The goblin hits you but does no damage.
Found a ration.
Items here: )))) † a +0 dagger; a +0 club x3; a hobgoblin corpse Robin shouts!
You hit the goblin but do no damage. The goblin hits you but does no damage.
Robin throws the goblin at you! The goblin barely misses you. x2
You barely miss the goblin. You peck the goblin.
You kill the goblin!
You barely miss the goblin. The goblin hits you with a +0 dagger.
You hit the goblin but do no damage. You claw the goblin.
You kill the goblin!
You barely miss the hobgoblin. The hobgoblin hits you with a +0 club.
* * * LOW HITPOINT WARNING * * *
Robin hits you from afar with a +0 trident of freezing!
You die...

##.# #.#
.#.# #.#
...# #.#
##.# #.#
##'## #.#
....#
#.##########
....#
#..........#
....#
##########)#
....# #@#
....# #g#
....#


gg. ....# %(... ....# ..(...# ....# ####.### ####### #..## #######.# #....<#
....######....##.# #.##### ..>.'....'.....# #.# You could see Robin and 2
hobgoblins.

Vanquished Creatures
  An ooze (D:2)
  A dart slug (D:1)
  A leopard gecko (D:2)
  2 ball pythons
  2 giant cockroaches (D:1)
  10 hobgoblins
  3 jackals (D:1)
  7 kobolds
  2 bats
  15 frilled lizards
  9 goblins
  9 rats
62 creatures vanquished.

Notes
Turn   | Place    | Note
-------+----------+-------------------------------------------
     0 | D:1      | Bronimir the Tengu Fire Elementalist began the quest for
                  | the Orb.
     0 | D:1      | Reached XP level 1. HP: 10/10 MP: 4/4
   213 | D:1      | Reached XP level 2. HP: 15/15 MP: 4/6
   594 | D:1      | Learned a level 2 spell: Throw Flame
   599 | D:1      | Reached skill level 4 in Fire Magic
   830 | D:1      | Reached XP level 3. HP: 14/19 MP: 2/7
   966 | D:1      | Learned a level 3 spell: Conjure Flame
  1550 | D:2      | Found a sacrificial altar of Ru.
  1590 | D:2      | Found an ornate altar of the Wu Jian Council.
  2042 | D:2      | Reached XP level 4. HP: 24/24 MP: 8/8
  2056 | D:2      | Noticed Robin
  2059 | D:2      | Slain by Robin

Levels and vault maps discovered:
D:1:      mushboom_english_gardens, layout_loops_cross, st_stairs_14,
          minmay_lizard_pond
D:2:      layout_basic, nicolae_overflow_hidden_temple, marbit_many_paths,
          nicolae_ru_sacrificial_ziggurat, uniq_robin

Skill      XL: |  1  2  3 |
---------------+----------+-----
Fire Magic     | 4 |  4.1
Conjurations   | 2 |  2.1
Axes           | |  0.5
Dodging        | |  2.6
Stealth        | |  2.3
Spellcasting   | |  2.6

Action                   |  1- 3 |  4- 6 || total
-------------------------+-------+-------++-------
Melee: Unarmed           |     4 |       ||     4
       Club              |    10 |       ||    10
       Hand axe          |    29 |     3 ||    32
       Kick              |     6 |     1 ||     7
       Peck              |     1 |     1 ||     2
 Fire: Hunting sling     |     7 |     4 ||    11
 Cast: Flame Tongue      |    50 |     8 ||    58
       Throw Flame       |     4 |       ||     4
 Stab: Sleeping          |     2 |       ||     2
  Eat: Chunk             |     4 |       ||     4
Armor: Robe              |    10 |     3 ||    13
Dodge: Dodged            |    52 |     4 ||    56
